 Dungeon Crawl Stone Soup version 0.24-a0-291-g79c1ce7 (webtiles) character file.

Game seed: 697762167143667508

3812 Oppa the Archer (level 9, -1/74 HPs)
             Began as a Centaur Hunter on May 9, 2019.
             Was a Priest of Okawaru.
             Blown up by Joseph (27 damage)
             ... with a disintegration bolt
             ... on level 8 of the Dungeon on May 10, 2019.
             The game lasted 00:18:40 (9804 turns).

Oppa the Archer (Centaur Hunter)                    Turns: 9804, Time: 00:18:41

Health: -1/74      AC: 18    Str: 20    XL:     9   Next: 97%
Magic:  11/11      EV:  9    Int: 10    God:    Okawaru [***...]
Gold:   308        SH:  0    Dex: 10    Spells: 8/8 levels left

rFire    . . .     SeeInvis .   b - +2 dagger (venom)
rCold    + . .     Gourm    .   (no shield)
rNeg     . . .     Faith    .   q - +3 scale mail {rC+}
rPois    .         Spirit   .   A - +0 helmet
rElec    .         Reflect  .   N - +2 cloak
rCorr    .         Harm     .   w - +0 pair of gloves
MR       .....                  (no barding)
Stlth    ..........             (no amulet)
HPRegen  0.22/turn              h - +2 ring of strength
MPRegen  0.12/turn              C - +1 ring of protection

@: heroism, heavily drained, very quick
A: large, hooves 3, deformed body, speed 2, tough skin 3
a: Heroism, Renounce Religion


You were on level 8 of the Dungeon.
You worshipped Okawaru.
Okawaru was most pleased with you.
You were not hungry.

You visited 2 branches of the dungeon, and saw 9 of its levels.

You collected 308 gold pieces.

Inventory:

Hand Weapons
 a - a +1 shortbow
 b - a +2 dagger of venom (weapon)
 p - a +0 trident
 y - a +0 hand axe of flaming
 E - a +0 spear
 I - a +0 halberd
Missiles
 d - 136 arrows
 K - 2 throwing nets (quivered)
Armour
 q - a +3 scale mail of cold resistance (worn)
 w - a +0 pair of gloves (worn)
 A - a +0 helmet (worn)
 J - a +1 cloak
 N - a +2 cloak (worn)
Jewellery
 g - an uncursed ring of flight
 h - a +2 ring of strength (left hand)
 n - an uncursed ring of ice
 C - a +1 ring of protection (right hand)
Wands
 m - a wand of random effects (30)
 s - a wand of flame (30)
 u - a wand of paralysis (5)
 L - a wand of polymorph (11)
Scrolls
 c - 2 scrolls of fear {unknown}
 e - 3 scrolls of remove curse {unknown}
 i - 15 scrolls of identify {unknown}
 j - 2 scrolls of enchant armour {unknown}
 l - 6 scrolls of teleportation {unknown}
 o - a scroll of magic mapping {unknown}
 r - 4 scrolls of random uselessness {unknown}
 t - a scroll of amnesia {unknown}
 F - a scroll of enchant weapon {unknown}
 H - a scroll of blinking {unknown}
Potions
 k - 3 potions of curing
 v - a potion of haste {unknown}
 x - 5 potions of heal wounds {unknown}
 z - a potion of berserk rage {unknown}
 B - a potion of brilliance {unknown}
 D - a potion of mutation {unknown}
 G - a potion of lignification
Comestibles
 f - 14 rations
 M - 10 chunks of flesh


   Skills:
 + Level 5.0(7.2) Fighting
 + Level 3.7(5.9) Short Blades
 * Level 12.7(14.2) Bows
 * Level 6.0(8.1) Armour
 - Level 1.3(3.7) Dodging
 - Level 0.4(2.8) Stealth
 * Level 3.9(1.4) Invocations


You had 8 spell levels left.
You didn't know any spells.
Your spell library contained the following spells:

 Spells                   Type           Power        Failure   Level  Hunger
 Animate Skeleton         Necr           N/A          67%         1    ##.....
 Apportation              Tloc           #.....       67%         1    ##.....
 Confusing Touch          Hex            #.....       67%         1    ##.....
 Summon Small Mammal      Summ           #...         67%         1    ##.....


Dungeon Overview and Level Annotations

Branches:
Dungeon (8/15)             Temple (1/1) D:4
   Lair: D:8-11

Altars:
Ashenzari
Elyvilon
Hepliaklqana
Nemelex Xobeh
Okawaru
Ru
Sif Muna
Xom
Yredelemnul

Annotations:
D:1 exclusion: downstairs
D:6 2 transporters, frenix's ghost, novice VSSu
D:8 Joseph


Innate Abilities, Weirdness & Mutations

You have hooves in place of feet.
Armour fits poorly on your strangely shaped body.
You cover ground very quickly.
You have extremely tough skin. (AC +3)


Message History

You closely miss Joseph.
Joseph is severely wounded.
You hit Joseph but do no damage.
Joseph looks as sick as possible!
Joseph is severely wounded.
Joseph zaps a wand.
You are blasted!
You barely miss Joseph.
Joseph is almost dead.
Joseph hits you with a +1 quarterstaff of draining.
You feel drained.
You hit Joseph but do no damage.
Joseph looks as sick as possible!
You kick Joseph, but do no damage.
Joseph is almost dead.
Unknown command.
You hit Joseph.
Joseph is almost dead.
Joseph zaps a wand.
You struggle to resist.
You closely miss Joseph. Your kick misses Joseph.
Joseph is almost dead.
Joseph zaps a wand.
You are blasted!
You die...

#.# #.# #.# #รท#
#######.
#.############.......
..........)....###
.#.......[....)..#
...........#####.#
..########.# #@# ..#
#.# #@# ..### #.# #.#
..... #.# #.# ####.
#.# #.# ... ... ...


You could see Joseph.

Vanquished Creatures
  A hippogriff (D:8)
  A wyvern (D:8)
  Grum (D:8)
  2 hungry ghosts
  2 orc warriors (D:6)
  A phantom (D:7)
  2 sky beasts
  2 ice beasts
  An ogre (D:6)
  3 wolves
  A centaur (D:5)
  4 bullfrogs
  A gnoll sergeant (D:6)
  5 scorpions
  A water moccasin skeleton (D:6)
  3 wights (D:7)
  3 howler monkeys (D:8)
  3 crimson imps
  A centaur zombie (D:7)
  3 orc priests
  2 jellies
  2 bullfrog skeletons (D:5)
  4 hounds
  Ijyb (D:3)
  5 iguanas
  Natasha (thrice) (D:3)
  Terence (D:3)
  7 worker ants
  A hound skeleton (D:5)
  11 adders
  7 gnolls
  2 shadow imps
  3 worms
  3 dart slugs
  6 leopard geckos
  9 orcs
  9 giant cockroaches
  10 goblins
  6 hobgoblins
  8 jackals
  2 quokkas (D:4)
  A ball python (D:6)
  8 bats
  8 frilled lizards
  4 kobolds (D:3)
  11 rats
175 creatures vanquished.

Notes
Turn   | Place    | Note
-------+----------+-------------------------------------------
     0 | D:1      | Oppa the Centaur Hunter began the quest for the Orb.
     0 | D:1      | Reached XP level 1. HP: 17/17 MP: 1/1
   322 | D:1      | Reached XP level 2. HP: 24/24 MP: 2/2
   400 | D:1      | Reached skill level 6 in Bows
   973 | D:2      | Reached XP level 3. HP: 28/29 MP: 3/3
  1141 | D:2      | Reached skill level 1 in Armour
  1903 | D:3      | Reached XP level 4. HP: 29/36 MP: 4/4
  1987 | D:3      | Noticed Terence
  2003 | D:3      | Killed Terence
  2211 | D:3      | Found a faded altar of an unknown god.
  2213 | D:3      | Reached skill level 1 in Short Blades
  2569 | D:3      | Noticed Ijyb
  2570 | D:3      | Noticed Natasha
  2576 | D:3      | Paralysed by Ijyb for 4 turns
  2588 | D:3      | Killed Ijyb
  2588 | D:3      | Reached XP level 5. HP: 4/42 MP: 5/5
  2592 | D:3      | Killed Natasha
  2883 | D:3      | Noticed Natasha
  2891 | D:3      | Killed Natasha
  3359 | D:3      | Noticed Natasha
  3371 | D:3      | Killed Natasha
  3579 | D:4      | Reached XP level 6. HP: 40/50 MP: 6/6
  3721 | D:4      | Found a staircase to the Ecumenical Temple.
  3782 | Temple   | Entered the Ecumenical Temple
  3788 | Temple   | Became a worshipper of Warmaster Okawaru
  4392 | D:4      | Reached skill level 7 in Bows
  4396 | D:4      | Found a sacrificial altar of Ru.
  4437 | D:4      | Reached XP level 7. HP: 54/56 MP: 7/7
  4931 | D:5      | Entered Level 5 of the Dungeon
  4976 | D:5      | Reached * piety under Okawaru
  4981 | D:5      | HP: 2/57 [poisoned by a worker ant]
  5664 | D:5      | Found an iron altar of Okawaru.
  5672 | D:5      | Reached XP level 8. HP: 63/63 MP: 8/8
  5995 | D:6      | Reached ** piety under Okawaru
  5995 | D:6      | Reached skill level 5 in Armour
  6132 | D:6      | Found a transporter.
  6133 | D:6      | Found a transporter.
  6133 | D:6      | Noticed frenix's ghost (novice VSSu)
  6148 | D:6      | Noticed a tengu conjurer
  6276 | D:6      | Found a sparkling altar of Nemelex Xobeh.
  6278 | D:6      | Reached skill level 8 in Bows
  6278 | D:6      | Reached skill level 1 in Invocations
  6637 | D:6      | Reached skill level 9 in Bows
  6969 | D:6      | Found a white marble altar of Elyvilon.
  7440 | D:6      | Found a basalt altar of Yredelemnul.
  7632 | D:6      | Reached skill level 10 in Bows
  8006 | D:6      | Reached XP level 9. HP: 68/71 MP: 10/10
  8124 | D:6      | Reached *** piety under Okawaru
  8568 | D:7      | Received a gift from Okawaru
  8726 | D:7      | Reached skill level 11 in Bows
  9312 | D:8      | Noticed Grum
  9346 | D:7      | Reached skill level 12 in Bows
  9531 | D:8      | Killed Grum
  9565 | D:8      | Reached skill level 5 in Fighting
  9771 | D:8      | Noticed Joseph
  9804 | D:8      | Blown up by Joseph

Levels and vault maps discovered:
D:1:      dpeg_arrival_round_b, layout_rooms
D:2:      layout_loops_cross, roderic_lattice_a
D:3:      layout_basic, chequers_ecumenical_altar_island, uniq_natasha,
          uniq_terence, uniq_ijyb, uniq_crazy_yiuf_cottage
D:4:      layout_rooms, nicolae_overflow_crystal_walls, temple_statues
D:5:      layout_gridville, first_ration, okawaru_trees_2
D:6:      layout_basic, kennysheep_ying_yang, nemelex_altar_shiori,
          gammafunk_ghost_arena, minmay_misc_feat_iff
D:7:      minmay_bubble_buster, layout_rooms, kennysheep_generic_room_14
D:8:      layout_loops_ring, uniq_joseph, uniq_harold, uniq_grum
Temple:   eino_temple_rhombus

Skill      XL: |  1  2  3  4  5  6  7  8  9 |
---------------+----------------------------+-----
Bows           | 6 7 10 12 | 12.7
Armour         | 1 2 3 4 5 6 |  6.0
Short Blades   | 1 2 3 |  3.7
Fighting       | 3 4 5 |  5.0
Invocations    | 2 3 |  3.9
Dodging        | |  1.3
Stealth        | |  0.4

Action                   |  1- 3 |  4- 6 |  7- 9 || total
-------------------------+-------+-------+-------++-------
Melee: Dagger            |   106 |   140 |   279 ||   525
       Short sword       |     4 |       |       ||     4
       Kick              |    13 |    23 |    82 ||   118
 Fire: Shortbow          |       |       |   287 ||   287
Invok: Heroism           |       |       |     1 ||     1
  Use: Potion            |       |     2 |     1 ||     3
  Eat: Chunk             |     2 |     7 |    16 ||    25
Armor: Ring mail         |    37 |     1 |       ||    38
       Leather armour    |     2 |       |       ||     2
       Scale mail        |       |    70 |   200 ||   270
       Skin              |       |    26 |       ||    26
Dodge: Dodged            |    40 |    37 |   126 ||   203

Table legend:
 A = Non-vault XP
 B = Vault XP
 C = Vault XP percentage of total XP
 D = Non-vault monster count
 E = Vault monster count
 F = Vault count percentage of total count
                 A         B        C        D         E       F
            +---------+---------+-------+---------+---------+-------
      Total |    4491 |     956 |  17.6 |     162 |      13 |   7.4
            +---------+---------+-------+---------+---------+-------
        D:1 |      20 |       0 |   0.0 |      12 |       0 |   0.0
        D:2 |      68 |       0 |   0.0 |      25 |       0 |   0.0
        D:3 |     168 |     111 |  39.8 |      29 |       3 |   9.4
        D:4 |     416 |       0 |   0.0 |      17 |       0 |   0.0
        D:5 |     668 |       0 |   0.0 |      21 |       0 |   0.0
        D:6 |    1470 |       0 |   0.0 |      25 |       0 |   0.0
        D:7 |     967 |     549 |  36.2 |      20 |       8 |  28.6
        D:8 |     714 |     296 |  29.3 |      13 |       2 |  13.3
            +---------+---------+-------+---------+---------+-------
